 Dungeon Crawl Stone Soup version 0.26.0-10-g1f06aea511 (webtiles) character file.

Game seed: 10273523892776420474

32 Goblin1989 the Skirmisher (level 3, -1/31 HPs)
             Began as a Ghoul Fighter on Jan 24, 2021.
             Killed from afar by Sigmund (6 damage)
             ... with a magic dart
             ... on level 2 of the Dungeon.
             The game lasted 00:00:58 (734 turns).

Goblin1989 the Skirmisher (Ghoul Fighter)            Turns: 734, Time: 00:00:59

Health: -1/31      AC:  6    Str: 20    XL:     3   Next: 27%
Magic:  2/2        EV:  7    Int:  3    God:
Gold:   27         SH:  8    Dex:  8    Spells: 2/2 levels left

rFire    . . .     SeeInvis .     - Unarmed
rCold    + . .     Faith    .   b - +0 kite shield
rNeg     + + +     Spirit   .   a - +0 scale mail
rPois    ∞         Reflect  .   (no helmet)
rElec    .         Harm     .   (no cloak)
rCorr    .         Rampage  .   (no gloves)
Will     .....                  (no boots)
Stlth    ..........             (no amulet)
HPRegen  0.00/turn              (no ring)
MPRegen  0.08/turn              (no ring)

@: no status effects
A: claws 1, cold resistance 1, negative energy resistance 3, inhibited
regeneration, torment resistance, unbreathing
a: no special abilities


You were on level 2 of the Dungeon.
You visited 1 branch of the dungeon, and saw 2 of its levels.

You collected 27 gold pieces.

Inventory:

Armour
 a - a +0 scale mail (worn)
 b - a +0 kite shield (worn)
Scrolls
 d - 2 scrolls of enchant weapon {unknown}
 f - a scroll of teleportation {unknown}
 g - a scroll of remove curse {unknown}
 h - 2 scrolls of identify {unknown}
Potions
 c - a potion of might {@q4}
 e - a potion of curing {unknown}


   Skills:
 + Level 3.5 Fighting
 + Level 3.0 Armour
 + Level 3.0 Shields
 * Level 3.0 Unarmed Combat


You had 2 spell levels left.
You didn't know any spells.
Your spell library was empty.

Dungeon Overview and Level Annotations

Branches:
Dungeon (2/15)

Altars:

Annotations:
D:2 Sigmund


Innate Abilities, Weirdness & Mutations

You thrive by killing the living.
You are immune to poison.
You have sharp fingernails.
Your flesh is cold resistant. (rC+)
You are immune to negative energy. (rN+++)
You do not regenerate when monsters are visible.
You are immune to unholy pain and torment.
You can survive without breathing.


Message History

Your Armour skill increases to level 3!
Unknown command.
Unknown command.
You now have 18 gold pieces (gained 6).
You see here a bat corpse.
There is a stone staircase leading down here.
There is a stone staircase leading down here.
Found a short sword.
You see here a short sword.
Found 14 stones.
You see here 14 stones {@Q3}.
A giant cockroach comes into view.
A giant cockroach is nearby!
A giant cockroach is nearby!
You claw the giant cockroach!
You kill the giant cockroach!
No target in view!
No target in view!
No target in view!
No target in view!
No target in view!
No target in view!
No target in view!
No target in view!
No target in view!
No target in view!
No target in view!
No target in view!
No target in view!
No target in view!
No target in view!
No target in view!
No target in view!
Found a stone staircase leading down.
There is a stone staircase leading down here.
There is a stone staircase leading down here.
You see here 14 stones {@Q3}.
Done exploring.
Done exploring.
Done exploring.
No target in view!
Done exploring.
Done exploring.
(D) Dungeon
Where to? (? - help)
There is a stone staircase leading down here.
You climb downwards.
Found 9 gold pieces.
Found a stone staircase leading up.
There is a stone staircase leading up here.
No target in view!
You now have 27 gold pieces (gained 9).
Sigmund the Dreaded comes into view.
He is wielding a +0 scythe.
Sigmund shouts!
You hear a shout!
Sigmund points at himself and mumbles some strange words.
Sigmund flickers and vanishes!
Deactivating autopickup; reactivate with Ctrl-A.
No target in view!
You block something's attack.
You barely miss something. You barely miss something. Something hits you.
You take 5 damage, and have 26/31 hp.
You miss something. Something hits you.
You take 1 damage, and have 25/31 hp.
You closely miss something. You scratch something but do no damage.
Something hits you.
You take 2 damage, and have 23/31 hp.
You scratch something but do no damage.
You hear some strange, mumbled words.
A puff of flame appears from out of thin air!
The puff of flame hits you.
You take 2 damage, and have 21/31 hp.
You scratch something. Something hits you.
You take 2 damage, and have 19/31 hp.
Your scale mail prevents you from hitting something.
You closely miss something.
You hear some strange, mumbled words.
A puff of flame appears from out of thin air!
You block the puff of flame.
You scratch something. Something hits you!
* * * LOW HITPOINT WARNING * * *
You take 8 damage, and have 11/31 hp.
MASSIVE DAMAGE!!
You claw something! Something hits you.
* * * LOW HITPOINT WARNING * * *
You take 3 damage, and have 8/31 hp.
Your shield and scale mail prevent you from hitting something.
You hear some strange, mumbled words.
A magic dart appears from out of thin air!
The magic dart hits you.
* * * LOW HITPOINT WARNING * * *
You take 1 damage, and have 7/31 hp.
You claw something! You scratch something.
You hear some strange, mumbled words.
A magic dart appears from out of thin air!
The magic dart hits you.
* * * LOW HITPOINT WARNING * * *
You hear some strange, mumbled words.
A magic dart appears from out of thin air!
The magic dart hits you.
You die... ███ █.. █.█ .███.████ .......<█ █{██<█

█@██.██.█
█.......█
████.████
█.█ █.█
... █.█
█.█ .█


There were no monsters in sight!

Vanquished Creatures
  An ooze (D:1)
  2 dart slugs (D:1)
  2 giant cockroaches (D:1)
  A goblin (D:1)
  2 hobgoblins (D:1)
  5 jackals (D:1)
  2 kobolds (D:1)
  2 bats (D:1)
  2 frilled lizards (D:1)
  3 rats (D:1)
22 creatures vanquished.

Notes
Turn   | Place    | Note
-------+----------+-------------------------------------------
     0 | D:1      | Goblin1989 the Ghoul Fighter began the quest for the Orb.
     0 | D:1      | Reached XP level 1. HP: 19/19 MP: 0/0
   141 | D:1      | Reached XP level 2. HP: 26/26 MP: 1/1
   276 | D:1      | Reached XP level 3. HP: 31/31 MP: 2/2
   719 | D:2      | Noticed Sigmund
   734 | D:2      | Killed from afar by Sigmund

Illustrated notes

Levels and vault maps discovered:
D:1:      matt_arrival_grand_opening, layout_loops_ring
D:2:      layout_loops_cross, lightli_temple_of_fire, okawaru_metal_pillars_3,
          uniq_sigmund

Skill      XL: |  1  2  3 |
---------------+----------+-----
Unarmed Combat | 3 |  3.0
Shields        | 3 |  3.0
Armour         | 3 |  3.0
Fighting       | |  3.5

Action                   || total
-------------------------++-------
Melee: Unarmed           ||    86
Armor: Scale mail        ||    29
Dodge: Dodged            ||    27
Block: Kite shield       ||    24
